 Dungeon Crawl Stone Soup version bcrawl-1.36.4 (webtiles) character file.

Game seed: 12408617260211284984

196191 exe1 the Ducker (level 5, -2/40 HPs)
             Began as a Minotaur Archaeologist on Aug 9, 2022.
             Slain by a sky beast (5 damage)
             ... on level 3 of the Dungeon.
             The game lasted 00:06:54 (1677 turns).

exe1 the Ducker (Minotaur Archaeologist)            Turns: 1677, Time: 00:06:55

Health: -2/40      AC:  8    Str: 16    XL:     5   Next: 26%
Magic:  4/4        EV:  6    Int: 11    God:
Gold:   139        SH:  6    Dex:  9    Spells: 4/4 levels left

rFire    . . .     SeeInvis .   a - +0 whip
rCold    . . .     Gourm    .   e - +0 medium shield {rPois}
rNeg     . . .     Faith    .   l - +0 ring mail
rPois    +         Spirit   .   d - +1 hat
rElec    .         Reflect  .   (no cloak)
rCorr    .                      (no gloves)
MR       .....                  i - +1 pair of boots
Stlth    ++........             (no amulet)
HPRegen  0.13/turn              (no ring)
MPRegen  0.09/turn              (no ring)

@: no status effects
A: retaliatory headbutt, horns 2
a: no special abilities


You were on level 3 of the Dungeon.
You were not hungry.

You visited 1 branch of the dungeon, and saw 3 of its levels.

You collected 139 gold pieces.

Inventory:

Hand Weapons
 a - a +0 whip (weapon)
 b - a +0 blowgun
Missiles
 f - 6 curare-tipped needles
 o - 148 poisoned tomahawks (quivered)
Armour
 c - a +1 robe
 d - a +1 hat (worn)
 e - a +0 medium shield of poison resistance (worn)
 i - a +1 pair of boots (worn)
 l - a +0 ring mail (worn)
Scrolls
 g - a scroll of magic mapping
 n - 2 scrolls of fear {unknown}
 p - a scroll of remove curse {unknown}
 q - a scroll of enchant armour {unknown}
 t - a scroll of blinking {unknown}
Potions
 j - a potion of cancellation {unknown}
 k - a potion of berserk rage {unknown}
 m - a potion of curing {unknown}
 r - a potion of flight {unknown}
 s - a potion of magic {unknown}


   Skills:
 + Level 1.6 Fighting
 + Level 2.6 Maces & Flails
 + Level 1.1 Armour
 + Level 4.8 Dodging
 + Level 3.9 Stealth
 + Level 0.1 Shields


You had 4 spell levels left.
You didn't know any spells.
Your spell library was empty.

Dungeon Overview and Level Annotations

Branches:
Dungeon (3/12)

Altars:
Lugonu
Makhleb


Innate Abilities, Weirdness & Mutations

You reflexively headbutt those who attack you in melee.
You have a pair of horns on your head.


Message History

Your shield prevents you from hitting the sky beast.
Your headbutt misses the sky beast.
The sky beast is severely wounded.
The sky beast barely misses you.
Your shield prevents you from hitting the sky beast.
You headbutt the sky beast.
The sky beast is severely wounded.
The sky beast hits you but does no damage. x2
You hit the sky beast but do no damage.
The sky beast is severely wounded.
The sky beast barely misses you. You furiously retaliate!
You headbutt the sky beast, but do no damage.
You closely miss the sky beast.
The sky beast is severely wounded.
The sky beast flickers out of sight!
Deactivating autopickup; reactivate with Ctrl-A.
Something hits you.
* * * LOW HITPOINT WARNING * * *
Something shocks you.
You die...

#.#...#.#
#.#..##.#
#.#..##.#####
#...........#
#..###.###..#
.>...# #.# ##
#####.#
#'###..<. #..
+_###..# #.#
#@###..# #.#
#{# # #.# #l#


gg. #.# #.# #?# ... You could see a leopard gecko, a hobgoblin and a goblin.

Vanquished Creatures
  A hound (D:2)
  An orc wizard (D:2)
  Jessica (D:2)
  3 gnolls (D:2)
  A worm (D:2)
  2 dart slugs
  3 leopard geckos
  4 orcs
  3 giant cockroaches
  4 goblins
  4 hobgoblins
  7 jackals (D:2)
  3 bats (D:1)
  A frilled lizard (D:1)
  3 kobolds
  3 rats
44 creatures vanquished.

Notes
Turn   | Place    | Note
-------+----------+-------------------------------------------
     0 | D:1      | exe1 the Minotaur Archaeologist began the quest for the
                  | Orb.
     0 | D:1      | Reached XP level 1. HP: 16/16 MP: 0/0
   131 | D:1      | Reached XP level 2. HP: 21/23 MP: 1/1
   669 | D:2      | Noticed Jessica
   675 | D:2      | Killed Jessica
   676 | D:2      | Reached skill level 4 in Dodging
   676 | D:2      | Reached XP level 3. HP: 22/28 MP: 2/2
   742 | D:2      | Reached XP level 4. HP: 27/35 MP: 3/3
   835 | D:2      | Found a burning altar of Makhleb.
  1584 | D:2      | Reached XP level 5. HP: 37/40 MP: 4/4
  1584 | D:2      | Identified a scroll of acquirement
  1585 | D:2      | Reached skill level 1 in Armour
  1592 | D:2      | Identified the amulet of Anarchy {Spirit MR+ Str+2 Int-4}
                  | (You acquired it on level 2 of the Dungeon)
  1656 | D:3      | Found a corrupted altar of Lugonu.
  1659 | D:3      | Noticed a sky beast
  1670 | D:3      | HP: 2/40 [sky beast (6)]
  1677 | D:3      | Slain by a sky beast

Skill      XL: |  1  2  3  4  5 |
---------------+----------------+-----
Stealth        | 3 |  3.9
Dodging        | 4 |  4.8
Maces & Flails | 2 |  2.6
Armour         | 1 |  1.1
Fighting       | |  1.6
Shields        | |  0.1

Action                   |  1- 3 |  4- 6 || total
-------------------------+-------+-------++-------
Melee: Whip              |    66 |   112 ||   178
       Headbutt          |    15 |     9 ||    24
  Use: Scroll            |       |     1 ||     1
 Stab: Sleeping          |     1 |       ||     1
  Eat: Ration            |     1 |     1 ||     2
       Chunk             |       |     1 ||     1
Armor: Robe              |    16 |       ||    16
       Ring mail         |     4 |    48 ||    52
Dodge: Dodged            |    42 |    68 ||   110
Block: Medium shield     |       |     6 ||     6
